 Dungeon Crawl Stone Soup version 0.23.1 (webtiles) character file.

Game seed: 7084808758704679478

46 EtherCrawl the Charlatan (level 3, 0/28 HPs)
             Began as a Gnoll Artificer on Mar 3, 2019.
             Shot with a stone by a goblin (4 damage)
             ... on level 2 of the Dungeon.
             The game lasted 00:02:22 (1607 turns).

EtherCrawl the Charlatan (Gnoll Artificer)          Turns: 1607, Time: 00:02:22

Health: 0/28       AC:  3    Str: 19    XL:     3   Next: 68%
Magic:  7/7        EV: 14    Int: 19    God:
Gold:   56         SH:  0    Dex: 15    Spells: 3/3 levels left

rFire    . . .     SeeInvis .   a - +0 short sword
rCold    . . .     Gourm    .   (no shield)
rNeg     . . .     Faith    .   b - +0 leather armour
rPois    .         Spirit   .   (no helmet)
rElec    .         Reflect  .   (no cloak)
rCorr    .         Harm     .   (no gloves)
MR       .....                  (no boots)
Stlth    ++........             q - amulet of magic regeneration
HPRegen  0.09/turn              (no ring)
MPRegen  0.35/turn              (no ring)

@: mighty, brilliant, lethally poisoned (0 -> -13)
A: distributed training, fangs 1, strong nose
a: no special abilities


You were on level 2 of the Dungeon.
You were not hungry.

You visited 1 branch of the dungeon, and saw 2 of its levels.

You collected 56 gold pieces.

Inventory:

Hand Weapons
 a - a +0 short sword (weapon)
 o - a +0 hunting sling
 s - a +0 club
Missiles
 m - 29 stones (quivered)
 t - 39 arrows
Armour
 b - a +0 leather armour (worn)
Jewellery
 q - an amulet of magic regeneration (around neck)
Wands
 c - a wand of flame (15)
 d - a wand of enslavement (15)
 e - a wand of random effects (15)
Scrolls
 h - 4 scrolls of teleportation
 j - 3 scrolls of blinking
 l - a scroll of remove curse {unknown}
 n - a scroll of magic mapping {unknown}
 w - a scroll of amnesia {unknown}
Potions
 k - a potion of curing {unknown}
 p - a potion of haste {unknown}
 r - a potion of ambrosia {unknown}
 u - a potion of degeneration {unknown}
 v - a potion of agility {unknown}
 x - a potion of brilliance
Comestibles
 f - 2 rations


   Skills:
 + Level 2.6 Fighting
 + Level 2.6 Short Blades
 + Level 0.9 Long Blades
 + Level 0.9 Axes
 + Level 0.9 Maces & Flails
 + Level 0.9 Polearms
 + Level 0.9 Staves
 + Level 0.9 Slings
 + Level 0.9 Bows
 + Level 0.9 Crossbows
 + Level 0.9 Throwing
 + Level 0.9 Armour
 + Level 4.5 Dodging
 + Level 2.4 Stealth
 + Level 0.9 Shields
 + Level 0.9 Unarmed Combat
 + Level 0.9 Spellcasting
 + Level 0.6 Conjurations
 + Level 0.6 Hexes
 + Level 0.6 Charms
 + Level 0.6 Summonings
 + Level 0.6 Necromancy
 + Level 0.6 Translocations
 + Level 0.6 Transmutations
 + Level 0.6 Fire Magic
 + Level 0.6 Ice Magic
 + Level 0.6 Air Magic
 + Level 0.6 Earth Magic
 + Level 0.6 Poison Magic
 + Level 1.0 Invocations
 + Level 6.5 Evocations


You had 3 spell levels left.
You didn't know any spells.
Your spell library was empty.

Dungeon Overview and Level Annotations

Branches:
Dungeon (2/15)

Altars:

Annotations:
D:2 1 runed translucent door, Crazy Yiuf


Innate Abilities, Weirdness & Mutations

Your experience applies equally to all skills.
You have very sharp teeth.
Your uncanny sense of smell can sniff out nearby items.


Message History

You miss the adder.
The adder is almost dead.
You feel sick. The adder bites you.
You are more poisoned.
The adder poisons you!
It was a potion of brilliance.
You feel clever all of a sudden.
* * * LOW HITPOINT WARNING * * *
You feel sick. The adder misses you.
It was a potion of might.
You feel very mighty all of a sudden.
* * * LOW HITPOINT WARNING * * *
You feel sick. The adder bites you.
* * * LOW HITPOINT WARNING * * *
You hit the adder.
You kill the adder!
Your Invocations skill increases to level 1!
* * * LOW HITPOINT WARNING * * *
You feel sick.
The goblin shoots a stone.
The stone hits you.
You die...

..<.............[.
########.####..... ####
#.# ###.#. ..#
###.######.#. ########.#
#.......##.#.
#......#.####.......##.#.
#......+............##.#.
#......#.############
#.....g'@# #......###
##..#### #.. #. #


You could see a goblin.

Vanquished Creatures
  2 adders (D:2)
  A leopard gecko (D:2)
  A giant cockroach (D:1)
  2 goblins (D:1)
  8 hobgoblins
  7 bats
  A frilled lizard (D:1)
  3 kobolds
  2 rats (D:1)
27 creatures vanquished.

Notes
Turn   | Place    | Note
-------+----------+-------------------------------------------
     0 | D:1      | EtherCrawl the Gnoll Artificer began the quest for the Orb.
     0 | D:1      | Reached XP level 1. HP: 17/17 MP: 4/4
   338 | D:1      | Reached XP level 2. HP: 23/23 MP: 6/6
  1088 | D:2      | Reached XP level 3. HP: 20/28 MP: 7/7
  1418 | D:2      | Found a runed translucent door.
  1419 | D:2      | Noticed Crazy Yiuf
  1607 | D:2      | Reached skill level 1 in Invocations
  1607 | D:2      | Shot with a stone by a goblin

Skill      XL: |  1  2  3 |
---------------+----------+-----
Invocations    | 1 |  1.0
Fighting       | |  2.6
Short Blades   | |  2.6
Long Blades    | |  0.9
Axes           | |  0.9
Maces & Flails | |  0.9
Polearms       | |  0.9
Staves         | |  0.9
Slings         | |  0.9
Bows           | |  0.9
Crossbows      | |  0.9
Throwing       | |  0.9
Armour         | |  0.9
Dodging        | |  4.5
Stealth        | |  2.4
Shields        | |  0.9
Unarmed Combat | |  0.9
Spellcasting   | |  0.9
Conjurations   | |  0.6
Hexes          | |  0.6
Charms         | |  0.6
Summonings     | |  0.6
Necromancy     | |  0.6
Translocations | |  0.6
Transmutations | |  0.6
Fire Magic     | |  0.6
Ice Magic      | |  0.6
Air Magic      | |  0.6
Earth Magic    | |  0.6
Poison Magic   | |  0.6
Evocations     | |  6.5

Action                   || total
-------------------------++-------
Melee: Short sword       ||   112
       Bite              ||    12
       Punch             ||     2
  Use: Scroll            ||     2
       Potion            ||     2
 Stab: Sleeping          ||     3
  Eat: Chunk             ||     2
Armor: Leather armour    ||    18
Dodge: Dodged            ||    82
